 Dungeon Crawl Stone Soup version 0.23-a0-8-gb809bb70e4 (webtiles) character file.

59 RedPan the Cudgeler (level 3, -1/36 HPs)
             Began as a Troll Monk on Aug 1, 2018.
             Killed from afar by an orc wizard (8 damage)
             ... with a puff of frost
             ... on level 2 of the Dungeon.
             The game lasted 00:03:26 (1315 turns).

RedPan the Cudgeler (Troll Monk)                    Turns: 1315, Time: 00:03:56

Health: -1/36      AC:  5    Str: 19    XL:     3   Next: 78%
Magic:  2/2        EV: 11    Int:  6    God:
Gold:   111        SH:  0    Dex: 13    Spells: 2/2 levels left

rFire    . . .     SeeInvis .   a - +0 mace
rCold    . . .     Gourm    +   (no shield)
rNeg     . . .     Faith    .   b - +0 robe
rPois    .         Spirit   .   (helmet restricted)
rElec    .         Reflect  .   (no cloak)
rCorr    .         Harm     .   (gloves unavailable)
MR       .....                  (boots unavailable)
Stlth    ++........             (no amulet)
HPRegen  0.52/turn              g - ring of flight
MPRegen  0.08/turn              (no ring)

@: no status effects
A: large, unfitting armour, claws 3, fast metabolism 3, gourmand, regeneration
1, shaggy fur 1, tough skin 2
a: Evoke Flight


You were on level 2 of the Dungeon.
You were not hungry.

You visited 1 branch of the dungeon, and saw 3 of its levels.

You collected 111 gold pieces.

Inventory:

Hand Weapons
 a - a +0 mace (weapon)
Armour
 b - a +0 robe (worn)
Jewellery
 g - a ring of flight (left claw)
Scrolls
 e - a scroll of identify
 h - a scroll of teleportation
Potions
 d - a potion of resistance
 f - a potion of agility
Comestibles
 c - 5 rations


   Skills:
 + Level 2.7 Fighting
 * Level 3.4 Maces & Flails
 + Level 2.7 Dodging
 + Level 1.3 Stealth


You had 2 spell levels left.
You didn't know any spells.
Your spell library was empty.

Dungeon Overview and Level Annotations

Branches:
Dungeon (3/15)

Altars:
Kikubaaqudgha


Innate Abilities, Weirdness & Mutations

You are too large for most types of armour.
You have claws for hands.
Your metabolism is lightning-fast.
You like to eat raw meat.
Your natural rate of healing is unusually fast.
You are covered in fur. (AC +1)
You have very tough skin. (AC +2)


Message History

The orc barely misses you. The orc hits you but does no damage.
The orc misses you. The orc wizard barely misses you.
You closely miss the orc.
The orc is heavily wounded.
The orc wizard hits you but does no damage.
The orc hits you. The orc hits you with a falchion. The orc closely misses you.
The orc wizard gestures at you while chanting.
The magic dart hits you!
You hit the orc but do no damage.
The orc is heavily wounded.
The orc closely misses you. The orc wizard hits you with a dagger.
The orc hits you with a falchion. The orc barely misses you. x2
You hit the orc.
The orc is almost dead.
The orc wizard hits you with a dagger.
* * * LOW HITPOINT WARNING * * *
The orc closely misses you. The orc hits you but does no damage.
The orc wizard casts a spell at you. The puff of frost hits you!
You die...

#.#######.# #.# #.# #########
#.# #.# ........# #.# #.#
........#####'#######.#
....................#.#########
######..............#.#.......#
######.........o.o..#.#.#####.#
...............o@...#.#.# #.#
..........###.##o##.#.#.# #.#
########..#.......#.#.#.# #.#
..........##.###..#.#.#.# #.#
..........##.<....#.#.#.#####.#
..........##......#.#.........#
...........#......#.....#######
..................######.....#
............##.#....####.###.#


You could see an orc wizard and 3 orcs.

Vanquished Creatures
  Terence (D:2)
  An adder (D:2)
  2 dart slugs
  An orc (D:2)
  A giant cockroach (D:2)
  2 goblins
  3 hobgoblins
  2 bats (D:1)
  2 frilled lizards
  3 kobolds
  5 rats
23 creatures vanquished.

Notes
Turn   | Place    | Note
-------+----------+-------------------------------------------
     0 | D:1      | RedPan the Troll Monk began the quest for the Orb.
     0 | D:1      | Reached XP level 1. HP: 22/22 MP: 0/0
   256 | D:1      | Reached XP level 2. HP: 29/29 MP: 1/1
   322 | D:1      | Reached skill level 3 in Maces & Flails
   819 | D:2      | Reached XP level 3. HP: 32/36 MP: 2/2
   916 | D:2      | Noticed Terence
   929 | D:2      | Killed Terence
  1028 | D:2      | Found an ancient bone altar of Kikubaaqudgha.
  1315 | D:2      | Killed from afar by an orc wizard

Vault maps used:
D:1:      lightli_arrival_noodles, serial_bayou_crossing
D:2:      kiku_gazebo_garden_becter, first_ration, uniq_terence
D:3:      old_standard_altar, makhleb_blood_cavern_becter,
          nicolae_qazlal_general_emergency

Skill      XL: |  1  2 |
---------------+-------+-----
Maces & Flails | 3 |  3.4
Fighting       | |  2.7
Dodging        | |  2.7
Stealth        | |  1.3

Action                   || total
-------------------------++-------
Melee: Mace              ||    78
  Use: Scroll            ||     6
 Stab: Sleeping          ||     3
  Eat: Chunk             ||     9
Armor: Robe              ||    30
Dodge: Dodged            ||    59

Table legend:
 A = Spawn XP
 B = Non-spawn XP
 C = Spawn XP percentage of total XP
 D = Spawn monster count
 E = Non-spawn monster count
 F = Spawn count percentage of total count
 G = Total turns spent on level
                    A         B        C        D         E        F      G
               +---------+---------+-------+---------+---------+-------+---------
         Total |       0 |      85 |   0.0 |       0 |      23 |   0.0 |  1315
               +---------+---------+-------+---------+---------+-------+---------
           D:1 |       0 |      19 |   0.0 |       0 |      12 |   0.0 |   516
           D:2 |       0 |      66 |   0.0 |       0 |      11 |   0.0 |   797
               +---------+---------+-------+---------+---------+-------+---------
